 Dungeon Crawl Stone Soup version 0.29.1-2-gbd0b4ee654 (webtiles) character file.

Game seed: 1392302691704862370

474 Icepheonix32 the Changer (level 6, -1/47 HPs)
             Began as a Demigod Transmuter on Nov 4, 2022.
             Slain by an orc
             ... wielding a +0 hand axe
              (7 damage)
             ... on level 5 of the Dungeon.
             The game lasted 00:05:48 (5208 turns).

Icepheonix32 the Changer (Demigod Transmuter)       Turns: 5208, Time: 00:05:49

Health: -1/47      AC:  2    Str: 11    XL:     6   Next: 53%
Magic:  7/12       EV: 20    Int: 23    God:
Gold:   55         SH:  0    Dex: 19    Spells: 3/9 levels left

rFire   . . .      SeeInvis .     - Unarmed
rCold   . . .      Faith    .   (shield currently unavailable)
rNeg    . . .      Spirit   .   (body armour currently unavailable)
rPois   x          Reflect  .   (helmet currently unavailable)
rElec   .          Harm     .   (cloak currently unavailable)
rCorr   .          Rampage  .   (gloves currently unavailable)
Will    +....                   (boots currently unavailable)
Stlth   ++........              (no amulet)
HPRegen 0.15/turn               o - ring of willpower
MPRegen 0.13/turn               (no ring)

@: spider-form, wereblooded
A: venomous fangs, tiny, high MP 1, forlorn, divine attributes
a: End Transformation


You were on level 5 of the Dungeon.
You were a venomous arachnid creature.
You visited 1 branch of the dungeon, and saw 5 of its levels.

You collected 159 gold pieces.
You spent 104 gold pieces at shops.

Inventory:

Hand Weapons
 h - a +4 hand axe
Armour
 a - a +0 robe (melded)
 p - an orb of wrath
Magical Staves
 s - a staff of fire
Jewellery
 e - a ring of ice
 o - a ring of willpower (left front leg)
Wands
 n - a wand of digging (4)
Scrolls
 d - a scroll of teleportation
 g - a scroll of fog
 q - 2 scrolls of poison
 r - 3 scrolls of blinking
Potions
 b - 2 potions of lignification
 c - a potion of degeneration {unknown}
 f - 2 potions of invisibility
 i - 2 potions of curing
 j - 2 potions of attraction {unknown}
 k - a potion of cancellation
 l - a potion of ambrosia
 m - 2 potions of mutation


   Skills:
 + Level 1.1 Fighting
 * Level 2.8 Dodging
 + Level 0.6 Stealth
 + Level 3.5 Unarmed Combat
 + Level 2.1 Spellcasting
 * Level 5.4 Transmutations
 * Level 1.0 Poison Magic


You had 3 spell levels left.
You knew the following spells:

 Your Spells              Type           Power      Damage    Failure   Level
a - Beastly Appendage     Tmut           54%        N/A       6%          1
b - Spider Form           Tmut/Pois      17%        N/A       24%         3
c - Wereblood             Tmut           27%        N/A       8%          2

Your spell library contained the following spells:

 Spells                   Type           Power      Damage    Failure   Level
 Blink                    Tloc           4%         N/A       38%         2
 Frozen Ramparts          Ice            4%         1d1       58%         3
 Lesser Beckoning         Tloc           2%         N/A       58%         3
 Ice Form                 Ice/Tmut       14%        N/A       61%         4
 Summon Ice Beast         Ice/Summ       2%         N/A       90%         4
 Manifold Assault         Tloc           2%         N/A       99%         5


Dungeon Overview and Level Annotations

Branches:
Dungeon (5/15)
 Temple: D:4-7

Shops:
D:2 *


Innate Abilities, Weirdness & Mutations

You are a venomous arachnid creature.
You have poisonous fangs.
You are tiny and dextrous.
Your spellcasting is less reliable in this form.
Your armour is entirely melded.
You are incapable of wielding weapons or throwing items.
You have an increased reservoir of magic. (+10% MP)
You shall have no god before yourself.
Your divine heritage dramatically boosts your attributes as you level up.


Message History

Found 10 gold pieces.
Found a stone staircase leading down.
The orc barely misses you.
You closely miss the orc.
The orc shouts! x2
Your kick misses the orc. You headbutt the orc.
The orc is almost dead.
The orc hits you with a +0 dagger.
You barely miss the orc.
The orc is almost dead.
The orc barely misses you. The orc closely misses you.
You hit the orc.
You kill the orc!
The orc closely misses you.
You hit the orc but do no damage. The orc hits you with a +0 morningstar!
The orc closely misses you.
Casting: Beastly Appendage (safe; 1% risk of failure)
Confirm with . or Enter, or press ? or * to list all spells.
Your blood is infused with primal strength.
The orc hits you with a +0 flail! The orc barely misses you.
There are monsters nearby!
Casting: Wereblood (safe; 1% risk of failure)
Confirm with . or Enter, or press ? or * to list all spells.
Your horns disappear.
Your talons disappear.
You turn into a venomous arachnid creature.
Your +0 robe melds into your body.
The orc hits you with a +0 mace!
* * * LOW HITPOINT WARNING * * *
The orc closely misses you. The orc hits you with a +0 flail.
* * * LOW HITPOINT WARNING * * *
You hit the orc.
The orc is poisoned.
The orc is severely wounded.
The orc hits you with a +0 mace.
* * * LOW HITPOINT WARNING * * *
The orc misses you. The orc closely misses you.
The orc hits you with a +0 flail.
* * * LOW HITPOINT WARNING * * *
You kill the orc!
You bite the orc!
You feel a bit better.
You kill the orc!
The orc hits you with a +0 hand axe!
You die...

........#..#
#.(.........###..
#............#....
#.................
..................
..................
..................
..................
....!...s.........
$.....oo)$........
......)...........
.................
.................
.................
........?........
................
#..........#.>.


You could see 2 orcs.

Vanquished Creatures
  Sigmund (D:2)
  A necrophage (D:5)
  2 scorpions (D:5)
  4 adders
  An ufetubus (D:5)
  A worm (D:2)
  2 dart slugs
  6 orcs
  5 endoplasms
  5 giant cockroaches
  8 goblins
  3 hobgoblins
  10 jackals
  8 kobolds
  5 quokkas
  10 ball pythons
  5 bats
  A frilled lizard (D:1)
  3 rats
81 creatures vanquished.

Notes
Turn   | Place    | Note
-------+----------+-------------------------------------------
     0 | D:1      | Icepheonix32 the Demigod Transmuter began the quest for the
                  | Orb.
     0 | D:1      | Reached XP level 1. HP: 15/15 MP: 5/5
    56 | D:1      | Reached skill level 2 in Transmutations
   518 | D:1      | Reached XP level 2. HP: 22/22 MP: 5/7
  1484 | D:2      | Reached XP level 3. HP: 24/27 MP: 6/8
  1566 | D:2      | Noticed Sigmund
  1579 | D:2      | Killed Sigmund
  1580 | D:2      | Reached skill level 4 in Transmutations
  1580 | D:2      | Reached XP level 4. HP: 34/34 MP: 9/9
  1580 | D:2      | Reached XP level 5. HP: 39/39 MP: 10/10
  2280 | D:2      | Found Dirhurr's Assorted Antiques.
  2288 | D:2      | Bought a scroll labelled FASANG AFUNA for 22 gold pieces
  2288 | D:2      | Bought a black potion for 19 gold pieces
  2288 | D:2      | Bought a green potion for 19 gold pieces
  2902 | D:2      | Bought a scroll labelled SAWNEY NIHO for 22 gold pieces
  3042 | D:3      | Reached skill level 5 in Transmutations
  3374 | D:2      | Bought a scroll labelled VEXULACHOTS for 22 gold pieces
  3386 | D:2      | Learned a level 3 spell: Spider Form
  3389 | D:2      | Learned a level 2 spell: Wereblood
  4736 | D:5      | Entered Level 5 of the Dungeon
  4763 | D:5      | Reached skill level 1 in Fighting
  4763 | D:5      | Reached XP level 6. HP: 25/47 MP: 11/11
  5188 | D:5      | Reached skill level 1 in Poison Magic
  5208 | D:5      | Slain by an orc

Illustrated notes

Levels and vault maps discovered:
D:1:      lightli_arrival_chessboard, layout_loops_corners,
          ebering_ecumenical_altar_petrified
D:2:      layout_basic, serial_shops, shop, minmay_misc_feat_rugged,
          uniq_sigmund
D:3:      layout_rooms, mainiacjoe_overflow_swirl, moated_statue
D:4:      layout_gridville, minmay_box_of_dots
D:5:      layout_layer_cave, minmay_temple_entry_mist,
          cheibrodos_sewer_entry_bend

Skill      XL: |  1  2  3  4  5  6 |
---------------+-------------------+-----
Transmutations | 2 4 5 |  5.4
Unarmed Combat | 3 |  3.5
Dodging        | 2 |  2.8
Fighting       | 1 |  1.1
Spellcasting   | 2 |  2.1
Poison Magic   | 1 |  1.0
Stealth        | |  0.6

Action                   |  1- 3 |  4- 6 || total
-------------------------+-------+-------++-------
Melee: Unarmed           |    80 |   159 ||   239
       Kick              |    11 |    37 ||    48
       Headbutt          |     6 |    25 ||    31
       Punch             |       |     1 ||     1
 Cast: Beastly Appendage |    17 |    25 ||    42
       Wereblood         |       |     2 ||     2
       Spider Form       |       |     1 ||     1
  Use: Potion            |     2 |     4 ||     6
       Scroll            |       |     8 ||     8
 Stab: Sleeping          |     1 |     3 ||     4
Armor: Robe              |     9 |    29 ||    38
       Skin              |     5 |       ||     5
Dodge: Dodged            |    45 |   118 ||   163
